[Event "44th Chess Olympiad Open 2022"]
[Site "Chennai"]
[Date "2022.07.30"]
[Round "2.3"]
[White "Hammer, Jon Ludvig"]
[Black "Diaz Hollemaert, Nahuel"]
[Result "*"]
[WhiteElo "2638"]
[BlackElo "2425"]
[Annotator "TA"]
[PlyCount "140"]
[EventDate "2022.??.??"]
[TimeControl "60"]

1. e4 e5 2. Nf3 Nc6 3. Bb5 a6 4. Ba4 Nf6 5. O-O Be7 6. Re1 b5 7. Bb3 d6 8. c3 O-O 9. h3 Nb8 10.
d4 Nbd7 11. c4 c6 12. Nc3 Bb7 13. a3 Qb8 {[%emt 0:16:20] [#] C95: Closed Ruy Lopez: Breyer Variation with 10 d4.}
14. g4 $146 (14. Ba2 $14) ({Predecessor:} 14. Ba2 Nb6 15. c5
dxc5 16. dxe5 Ne8 17. Bf4 Bc8 18. Qd2 Be6 19. Nd5 cxd5 20. exd5 Bf5 21. g4 {
0-1 (55) Nayhebaver,M (2466)-Barseghyan,H (2466) Austria 2019}) 14... Nb6 $11 15. cxb5 axb5 {[%emt 0:11:12] The position is
equal.} 16. Bg5 Re8 17. dxe5 dxe5 18. Nh4 h6 $1 19. Be3 Nc4 20. Bxc4 bxc4 21. Nf5 Bf8 22. Qf3 Bc8 23. Re2 (23. Nxh6+ $5 gxh6 24. Qxf6 $14) 23... Nd7 (23... Bxf5
$5 24. Qxf5 Re6 $11) 24. h4 Nc5 25. Bxc5 Bxc5 26. g5 Bf8 27. Kh1 h5 28. Rg1 {[%emt 0:00:45][%cal
Ya1g1,Yg1g3,Yg3f3,Yf3f6] g6 is the strong threat.} g6 29. Nh6+
$1 Bxh6 30. gxh6 {[%emt 0:00:01] White wants
to mate with Qf6.} Qd6 {[%emt 0:00:00] Prevents Qf6. Strongly threatening ...
Bg4.} 31. Qxh5 ({Much weaker is} 31. h7+ Kh8 32. Rd2 (32. Qxf7
$2 Bg4 $17) 32... Qe7 $17) 31... Qf6 32. Rg3 Ra7 33. Qg5 Qe7 34. Kg2 Kh7 35. Rd2 Rg8 36. Rf3 {[%emt 0:02:17] Against f6} Rb7 (36... Be6 $14 {
is more appropriate.}) 37. Rf6 Be6 38. Kh2 Qf8 39. Na4 Ra7 {[%emt 0:00:
53] [#]} 40. Nc3 {[%emt 0:00:31] White is more active.} (40. f4 $1 $16) 40...
Qxh6 41. Rf3 Qxg5 42. hxg5 Kg7 43. Rg3 Raa8 44. f3 Rgd8 45. Rxd8 Rxd8 {[%emt 0:00:01] Endgame KRB-KRN} 46. Rg1 Rd2+ 47. Rg2 Rd3 48. Kg3 f6 49. Na4 {[%emt 0:05:11] aiming for Nc5.} Bf7 50. Nc5 (50. Rc2 $5 ) 50... Rd1 51. Kg4 Rd4 52. Rc2 Rd1 (52... f5+ $5 53. Kh3 fxe4 54. Nxe4 (54. fxe4 Kf8 $11)
54... Bd5 $11) 53. gxf6+ Kxf6 54. Kg3 Ke7 55. Kf2 Kd6 56. Na4 g5 57. Ke2 Rd4 58. Nb6 (58. Ke3 $11) 58... Kc7 (58... g4 $1 $15) 59. Na4 Kd6 60. Ke3 Bh5 61. Rc3 {[%emt 0:00:16] Prevents Rd3+.}
Bg6 62. Nb6 Kc5 63. Nc8 Rd7 $2 {[%emt 0:00:00] [#]} (63... g4 $11 {and Black stays
safe.} 64. b4+ (64. Ne7 Bh7 $15) 64... Kb5 65. Na7+ Kb6 66. Nc8+ Kc7) 64. Rxc4+
$3 $18 Kb5 (64... Kxc4 65. Nb6+) 65. Rb4+ Kc5 66. Rc4+ Kb5 67. b3 {[%emt 0:00:46] Black must now prevent a4+.} Bf7 68. a4+ Ka6 69. Rxc6+ Kb7 70. Rc3 Be6 {[%emt 0:00:15] Weighted Error
Value: White=0.14 (very precise) /Black=0.10 (very precise)} *

[Event "44th Chess Olympiad Open 2022"]
[Site "Chennai"]
[Date "2022.07.30"]
[Round "2.3"]
[White "Roselli Mailhe, Bernardo"]
[Black "Christiansen, Johan-Sebastian"]
[Result "0-1"]
[WhiteElo "2413"]
[BlackElo "2593"]
[Annotator "ChessBase"]
[PlyCount "74"]
[EventDate "2022.??.??"]
[TimeControl "60"]

1. d4 Nf6 2. c4 g6 3. Nc3 Bg7 4. e4 d6 5. Nf3 O-O 6. Be2 e5 7. d5 a5 8. Bg5 h6 9. Bh4 Na6 10. Nd2 Bd7 11. O-O Nc5 12. Rb1 Qe8 13. b3 Nh7 14. a3 h5 15. f3 Bh6 16. Qc2 Be3+ 17. Kh1 f5 18. b4 axb4 19. axb4 Na6 20. exf5 gxf5 21. Bd3 Qg6 22. Bf2 Bxf2 23. Rxf2 c5 24. dxc6 bxc6 25. Re2 Rab8 26. Qa4 Ra8 27. Qc2 Qf6 28. Nf1 e4 29. fxe4 fxe4 30. Rxe4 Nxb4 31. Qd2 Nxd3 32. Qxd3 Ra3 33. Ng3 Rxc3 34. Qd2 h4 35. Ne2 Rf3 36. Rd4 Rf2 37. Rd1 h3 0-1

[Event "44th Chess Olympiad Open 2022"]
[Site "Chennai"]
[Date "2022.07.30"]
[Round "2.3"]
[White "Hoffman, Alejandro"]
[Black "Tari, Aryan"]
[Result "0-1"]
[WhiteElo "2390"]
[BlackElo "2672"]
[Annotator "TA"]
[PlyCount "72"]
[EventDate "2022.??.??"]
[TimeControl "60"]

1. d4 Nf6 2. c4 e6 3. Nf3 d5 4. e3 Be7 5. Nbd2 O-O 6. b3 {[%emt 0:01:25] D30: Queen's Gambit
Declined: Systems without Nc3.} c5 7. Bb2 cxd4 8. exd4 {[%emt 0:00:26] The position is equal.} b6 9. Bd3 Nc6 10. O-O Nb4 11. Bb1 Bb7 12.
Re1 Rc8 13. a3 $1 Nc6 {
[%emt 0:01:00][%cal Yb4c6,Yc6e7,Ye7g6] [#]} 14. Ba2 $146 ({
Predecessor:} 14. Bd3 Re8 15. Rc1 Bf8 16. Qe2 g6 17. Qe3 Bg7 18. h3 Ne7 19.
Red1 Nf5 20. Qe1 Nh5 21. Bf1 dxc4 22. bxc4 Nxd4 23. Nxd4 Bxd4 {0-1 (41)
Marjanovic,D (2389)-Saric,A (2542) Tuzla 2019}) 14... Re8 15.
Nf1 Bf8 16. Ne3 Ne7 17. Rc1 Ng6 18. g3 Rc7 19. h4 Qa8 20.
Nh2 h5 21. Bb1 Rec8 22. Bd3 Ne7 23. c5 g6 $1 24. b4 {[%emt 0:00:33] Hoping for b5.} Bg7 25. Nf3 Ne4 26.
Qe2 Nf5 27. Nxf5 exf5 28. Ne5 Re7 29. c6 (29. Kh2 $11) 29... Bxc6 $17 30. Nxc6 Rxc6 31. Rxc6 Qxc6 32. f3 (32. Kg2 $17 {might work better.} Qd6 33. Qe3) 32... Qd6 33. fxe4 $2 {[%emt 0:00:32] [#]} (33. f4) 33... Qxg3+ $19 34. Kh1 fxe4 35. Bb5 Qxh4+ 36. Kg2 e3 {
[%emt 0:02:17] Inhibits Qf2. Weighted Error Value: White=0.22 (precise) /
Black=0.08 (flawless)} 0-1

[Event "44th Chess Olympiad Open 2022"]
[Site "Chennai"]
[Date "2022.07.30"]
[Round "2.4"]
[White "Vallejo Pons, Francisco"]
[Black "Docx, Stefan"]
[Result "1-0"]
[WhiteElo "2702"]
[BlackElo "2434"]
[Annotator "TA"]
[PlyCount "77"]
[EventDate "2022.??.??"]
[TimeControl "60"]

1. e4 c5 2. Nf3 d6 3. d4 cxd4 4. Nxd4 Nf6 5. Nc3 g6 6. Be3 Bg7 7. Qd2 O-O 8. Be2 Nc6 9. O-O-O Ng4 10. Bxg4 Bxg4 11. f3 Be6 12. Nd5 $5 {[%emt 0:42:12] Exploring less charted
territory. B72: Sicilian Dragon: 6 Be3, lines with h3+Bc4 and sidelines.} Rc8 13. h4 {[%emt 0:00:00][%cal Yh2h4,Yh4h5] [#]} Bxd5 $146 ({Predecessor:} 13... Ne5 14. b3 Bxd5 15. exd5 Qc7 16. Nb5 Qd7
17. Nd4 Rfe8 18. h5 Rc5 19. hxg6 hxg6 {0-1 (28) Kalra,A (1987)-Pacey,K (2235)
Ottawa 2012}) 14. exd5 {[%emt 0:00:00] The position is equal.} Nxd4 (14... Ne5 $5 ) 15. Bxd4 Bxd4 16. Qxd4 Qa5 17. Kb1 b5 18. h5 Qc7 19. Qd2 a5 20. Rh4 b4 {[%emt 0:07:57] [#]} 21. Rdh1 $1 {[%emt 0:00:00] aiming for hxg6.}
g5 22. Qxg5+ $40 {[%emt 0:00:00] White wants a kill.} Kh8 23. Qd2 {[%emt 0:00:00] Active counter play!} Rg8 (23... Qb7 $142 24. Rg4 Rg8) 24. Re4 $18 f6 25. Rhe1 Rg5 (25... Rce8 {was worth a
try.} 26. Re6 Qd7) 26. Rxe7 Qc4 27. h6 {
[%emt 0:04:33][%cal Yd2g5] Strongly threatening Qxg5!} Rcg8 28. b3 Rxd5 $2 (28... Qxd5 29. Qxd5 Rxd5) 29.
Qe3 Qh4 30. g4 (30. f4 $142)
30... Re5 31. Qd2 Rc8 (31...
Qg5 $142 32. Qxd6 Rxe1+ 33. Rxe1 Qxh6) 32. R7xe5 dxe5 {
[%emt 0:00:42] Endgame KQR-KQR} 33. Rd1 {[%emt 0:00:13][%cal Yd2d8] Qd8+!
would kill now.} Rg8 {[%emt 0:00:21] Against Qd8} 34. Qe3 Rc8
$2 {[%emt 0:00:38] [#]} (34... e4 35. Qxe4 Qxh6) 35. Qc5 $3 {[%emt 0:01:09]
[%cal Rc5c8] White is clearly winning.} Rg8 36. Qxa5 Qxh6 37. Qxb4 Qe3 38. Rd3 Qg1+ 39. Kb2 {[%emt 0:00:02] Black
got outplayed after the opening. Weighted Error Value: White=0.29 (precise) /
Black=0.43} 1-0

[Event "44th Chess Olympiad Open 2022"]
[Site "Chennai"]
[Date "2022.07.30"]
[Round "2.4"]
[White "Iturrizaga Bonelli, Eduardo"]
[Black "Lenaerts, Lennert"]
[Result "1-0"]
[WhiteElo "2619"]
[BlackElo "2379"]
[Annotator "TA"]
[PlyCount "73"]
[EventDate "2022.??.??"]
[TimeControl "60"]

1. Nf3 d5 2. e3 Nf6 3. c4 e6 4. Nc3 a6 5. b3 Bd6 6. Bb2 {[%emt 0:00:18] A17:
English Opening: 1...Nf6 with ...Bb4.} b6 7. g3 Bb7 8. cxd5 {[%emt 0:00:56] White has an edge.} exd5 9. Bg2 O-O 10.
O-O Nbd7 11. Rc1 Rc8 12. d4 Re8 {[%emt 0:03:57] [#]} 13. Bh3 $146 ({Predecessor:} 13. Ne2 a5 14. Qc2 Ba6 15. Rfd1 c6 16. Nf4 Ne4
17. Ne5 Nxe5 18. dxe5 Bxe5 19. Bxe4 Bxb2 20. Bxh7+ {½-½ (99) Aronian,L (2782)
-Le,Q (2709) chess24.com INT 2021}) 13... c5 14. dxc5 bxc5 15. Nh4 Rc7 16. Bg2 Nb6 17. a4 Qa8
{[%emt 0:05:56] [#]} (17... Bf8 $11 {is superior.}) 18. a5 (
18. Nxd5 $1 $16 Nfxd5 19. e4) 18... Nbd7 $11 19. Na4 Qd8 20. Rc2 Bc6 (
20... Be7 $11) 21. Qa1 $14 Bb5 22. Rd1 Be5 {[%emt 0:00:26] [#]} (22... d4 $142) 23. Bxe5 $1 $16 Nxe5 24. Rxc5 Rxc5 25. Nxc5 Nc6 26. Nf5 Qxa5 27. Qxa5 Nxa5 28. Ra1 {
[%emt 0:01:09] White is more active.} Nc6 29. Nd6 $36 {
[%emt 0:00:05] White has strong initiative.} ({Worse is} 29. Nxa6 Ra8 30. Bf1
Bxf1 31. Kxf1 Nb8 $17) 29... Rd8 30. Nxb5 axb5 31. Ra6 Ne5 32. Rb6 (32. Ra5 $14 {might be stronger.}) 32... h5 (
32... Ra8 $11) 33. Rxb5 d4 (33... Ra8 $16)
34. Nb7 $18 d3 {[%emt 0:00:27] ...d2 is the
strong threat.} 35. Rxe5 (35. Nxd8 $2 {loses.} d2 36. Rxe5
d1=Q+ 37. Bf1 Qxd8 $19) 35... d2 36. Bf3 Ng4
$2 (36... d1=Q+ 37. Bxd1 Rxd1+ 38. Kg2 g6) 37. Nxd8 {[%emt 0:
00:12] Weighted Error Value: White=0.07 (flawless) /Black=0.32} 1-0

[Event "44th Chess Olympiad Open 2022"]
[Site "Chennai"]
[Date "2022.07.30"]
[Round "2.4"]
[White "Dardha, Daniel"]
[Black "Shirov, Alexei"]
[Result "0-1"]
[WhiteElo "2575"]
[BlackElo "2704"]
[Annotator "TA"]
[PlyCount "104"]
[EventDate "2022.??.??"]
[TimeControl "60"]

1. e4 c5 2. Nf3 d6 3. Bb5+ Bd7 4. Bxd7+ Qxd7 5. c4 Nf6 6. Nc3 g6 {[%emt 0:00:51] B52: Sicilian: Moscow
Variation with 3...Bd7.} 7. d4 cxd4 8. Nxd4 Bg7 {[%emt 0:09:44] White has an edge.} 9. h3 Qc7 10. Qe2 Nc6 11. Nc2 {
[%emt 0:21:25] [#]} Ne5 $1 $146 {[%emt 0:05:12] A top novelty.} ({Predecessor:
} 11... O-O 12. O-O a6 13. b3 Rac8 14. Bb2 e6 15. Rad1 Rfd8 16. Ne3 Qa5 17.
Rfe1 Rb8 {½-½ (17) Tiviakov,S (2606)-Shariyazdanov,A (2523) Cheliabinsk 2021}
) 12. b3 a6 13. Bb2 Nh5 14. Nd5 {[%emt 0:02:09] Against Nf4} Qa5+ 15. Bc3 Qd8 16. g4 (
16. Qe3 $16) 16... e6 $11 17. gxh5 {[%emt 0:00:00][%cal Yh5h6]
h6! is the strong threat.} exd5 18. exd5 O-O 19. O-O-O Rc8 20. Qd2 Qh4 21. Qd4 Qxh5 22. f4 Qh6 {[%emt 0:01:32][%cal
Ye5c4] And now ...Nxc4! would win.} 23. Kb1 Nd7 24. Qxg7+ Qxg7 25. Bxg7 Kxg7 26. Kb2 (26. Rhg1 $11) 26... Rfe8 $17 27. Rde1 {[%emt 0:01:07] [#] White is now going downhill.} (27.
Rhe1 $15) 27... Nc5 $1 28. Kc3 {[%emt 0:00:00] Inhibits Nd3.}
Ne4+ 29. Kb4 Nf2 30. Rxe8 Rxe8 $19 {[%emt 0:00:03] Endgame KRN-KRN} 31. Rf1 {[%emt 0:01:
14] [#]} Re2 ({Worse is} 31... Nxh3 32. Ka5 $17) 32. Kc3 f5 (32... Nxh3 33. Kd3 Rh2 34. a4) 33. Nd4 Rxa2 34. Ne6+ Kf6 35. b4 $2 (35. Kb4 {is a better defense.}) 35... Ne4+ 36. Kb3 Rh2 {[%emt 0:00:11] Hoping for ...
Nd2+.} 37. Ka4 Rxh3 {[%emt 0:00:48] aiming for ...Nd2.} 38.
Ng5 Rc3 ({Don't go for} 38... Nxg5 $2 39.
fxg5+ Kxg5 40. Rc1 $19) 39. Nxh7+ Kg7 40. Ng5 Nd2 41. Rh1 Nxc4 {[%emt 0:
00:14][%csl Gc4][%cal Rc3a3] Black is clearly winning.} ({Weaker is} 41... Rxc4
42. Rh7+ Kf8 43. Ne6+ Ke8 44. Nc7+ Kf8 45. Ne6+ Ke8 46. Nc7+ Kf8 47. Ne6+ $11)
42. b5 {[%emt 0:00:43] Threatens to win with Kb4.} Nb6+ 43.
Ka5 {[%emt 0:00:11] Black must now prevent Rh7+.} Nxd5 44. Rh7+ Kg8 45. bxa6 Rc5+ 46. Ka4 bxa6 47. Ra7 Nxf4 48. Rxa6 d5 49. Ra7 d4 50. Kb4 Rc3 51. Rd7 Rg3 52. Nh7 (52. Nf7 $142 Kg7 53. Nd6+ Kf6
54. Ne8+ Ke5 55. Re7+ Kd5 56. Rd7+ Ke4 57. Nd6+ Kd3 58. Nc4) 52... Nh5 {
[%emt 0:00:50] Weighted Error Value: White=0.36/Black=0.05 (flawless)} 0-1

[Event "44th Chess Olympiad Open 2022"]
[Site "Chennai"]
[Date "2022.07.30"]
[Round "2.4"]
[White "Maerevoet, Sim"]
[Black "Anton Guijarro, David"]
[Result "1/2-1/2"]
[WhiteElo "2409"]
[BlackElo "2667"]
[Annotator "TA"]
[PlyCount "104"]
[EventDate "2022.??.??"]
[TimeControl "60"]

1. d4 Nf6 2.
c4 g6 3. Nc3 d5 4. cxd5 Nxd5 5. e4 Nxc3 6. bxc3 Bg7 7. Qa4+ Nd7 8. Nf3 O-O 9. Be2 {[%emt 0:00:23] D85: Exchange Grünfeld: Unusual White 7th moves
and lines with 7 Nf3.} Nb6 10. Qa3 {[%emt 0:10:34] 10.Qb4
gains popularity.} Qd6 11. O-O Be6 {[%emt 0:
00:00] [#] Prevents Qb3.} 12. d5 $146 {[%emt 0:06:30] [#] Strongly threatening
Qxd6.} ({Predecessor:} 12. Re1 Qxa3 13. Bxa3 Rfe8 14. Nd2 c6 15. Nb3 Bxb3 16.
axb3 e5 17. dxe5 Bxe5 18. Rac1 {0-1 (63) Nihal,S (2610)-Chigaev,M (2644)
Douglas 2019}) 12... Bd7 13. Rb1 e6 14. c4 {[%emt 0:02:12] Hoping for c5.} Qxa3 15. Bxa3 Rfe8 {[%emt 0:00:14] ...exd5 is the
strong threat.} 16. d6 cxd6 17. Bxd6 Bc6 18. e5 Nd7 19. c5 b6 20. cxb6 axb6 21. a3 Rec8 22. Rbc1 Bd5 23. Bb5 Nc5 24. Rc3 Ne4 25. Rxc8+ Rxc8 26. Bb4 {[%emt 0:02:44] 
[#]} Nc3 $1 27. Ba6 Ra8 28.
Rc1 Na2 ({Weaker is} 28... Rxa6 29. Rxc3 Ra8
30. Bd6 $15) 29. Rc8+ Rxc8 30. Bxc8 Nxb4 31. axb4 $17 {[%emt 0:00:00] Endgame KBB-KBN} Bf8 32. b5 Kg7 33. Bd7 f6 (33... Bxf3 $17 34. gxf3 Bb4) 34. Bc6 $11 Ba2 35. h4 fxe5 (
35... f5 $15 {deserves consideration.}) 36. Nxe5 Bd6 37. Nf3 (37. Nd7 $5 ) 37... h6 38. Nd2 Be7 39. g3 Kf6 40. Ne4+ Ke5 41. f3 Kd4 42. Kg2 Bc4 43. Be8 Bd3 44. Nf2 Be2 45. Ng4 h5 46. Nf2 Ke3 47. Bc6 {[%emt 0:00:00] The position is equal.} g5 48. g4 $1 hxg4 49. Nxg4+ Kf4 50. h5 Bd3 51. Nf2 Bf5 52. Nh3+ Bxh3+ {[%emt 0:01:00] Weighted Error Value: White=0.08 (flawless) /Black=0.08 
(flawless)} 1/2-1/2

[Event "44th Chess Olympiad Open 2022"]
[Site "Chennai"]
[Date "2022.07.30"]
[Round "2.5"]
[White "Wojtaszek, Radoslaw"]
[Black "Cardoso Cardoso, Jose Gabriel"]
[Result "1-0"]
[WhiteElo "2708"]
[BlackElo "2493"]
[Annotator "TA"]
[PlyCount "91"]
[EventDate "2022.??.??"]
[TimeControl "60"]

1. d4 Nf6 2. c4 e6 3. Nf3 d5 4. g3 Bb4+ 5. Bd2 a5 6. Bg2 O-O 7. a3 {[%emt 0:01:31] 7.Qc2 is becoming the main line. E11: Bogo-Indian.} Be7 8. Qc2 c6 9. O-O {[%emt 0:
00:00] The position is equal.} b6 10. Bf4 Nbd7 11. cxd5 cxd5 12. Nc3 Ba6 13. Rfc1 b5 {[%emt 0:00:
00] [#]} 14. a4 $146 ({Predecessor:} 14. e3 Qb6 15. Bf1 Rfc8
16. Qd1 h6 17. h4 b4 18. Na4 Qb7 19. axb4 Bxf1 20. Kxf1 Bxb4 {½-½ (39) Ding,
L (2799)-Carlsen,M (2847) chess24.com INT 2021}) 14... bxa4 15. Qxa4 Nh5 {[%emt 0:14:31] [#]} 16. Bc7 $1 Qxc7 {[%emt 0:09:08] [#]} 17. Nxd5 $1 Qd8 18.
Nxe7+ (18. Nc7 $5 Nc5 19. Rxc5 Bxc5 20. Nxa8
$11) 18... Qxe7 19. Rc7 $1 Nhf6 {[%emt 0:00:
00] White must now prevent ...Qd6.} 20. Ne5 Rac8 21. Ra7 Nb6 22. Rxe7 $16 {[%emt 0:01:30]
White is more active. White leaves nothing to chance now.} Nxa4 23. Bb7 Nd5 (23... Bxb7 $142 24. Rxb7 Rc2
25. Rxa4 Rxe2) 24. Bxc8 Nxe7 25. Bxa6 Nxb2 26. Rxa5 Ra8 27. Rb5 Na4 28. Rb7 Ng6 {[%emt 0:00:13] [#]} 29. Nc6 $1 Rc8 30.
Nb4 ({White should try} 30. Na7 $18 Ra8 31. Bd3) 30... Nc3 31. Kg2 Rd8 32. Bd3 Nd5 33. Nxd5 exd5 $18 {[%emt 0:00:38]
Endgame KRB-KRN} 34. h4 Nf8 35. Bb5 Ne6 36. e3 Kf8 37.
g4 h6 38. f4 {[%emt 0:01:10] Hoping for f5.}
g6 39. Kf3 Rd6 (39... Ng7
$142 40. Bd3 Ne8) 40. Ba4 h5 $2 (40... Ng7
41. Rb8+ Ke7 42. Rb7+ Kf8 43. Rb8+ Ke7 44. Rb7+ Kf8) 41. gxh5 gxh5 42. Bb3 Ng7 43. Rb5 {
[%emt 0:00:00] White has a decisive advantage.} Nf5 44. Bxd5 ({Don't take} 44. Rxd5 Rxd5 45. Bxd5 Nxh4+ 46. Kf2 Nf5 $18)
44... Nxh4+ 45. Kf2 Nf5 46.
Bf3 {[%emt 0:00:00][%csl Yf5,Yh5] Weighted Error Value: White=0.09 (flawless) /
Black=0.23 (precise)} 1-0

[Event "44th Chess Olympiad Open 2022"]
[Site "Chennai"]
[Date "2022.07.30"]
[Round "2.5"]
[White "Moranda, Wojciech"]
[Black "Sanchez, Sebastian Felipe"]
[Result "1/2-1/2"]
[WhiteElo "2636"]
[BlackElo "2440"]
[Annotator "TA"]
[PlyCount "61"]
[EventDate "2022.??.??"]
[TimeControl "60"]

1. e4 e6 2. d4 d5 3. Nd2 c5 4. Ngf3 cxd4 5. Nxd4 Nc6 6. Bb5 Bd7 7. Nxc6 bxc6 8.
Bd3 Bd6 {[%emt 0:00:05] C07: French Tarrasch: 3... c5, 4 Ngf3
and 4 exd5 Qxd5.} 9. Qe2 e5 {[%emt 0:03:19] is cutting edge
theory.} 10. c4 Ne7 11. cxd5 $1 cxd5 12. exd5 Nxd5 13. Be4 Nf4 14. Qa6 $36
{[%emt 0:00:43] White has the initiative.} Bc7 {[%emt 0:01:40][%cal Ye8g8] [#]}
15. Nc4 $146 {[%emt 0:17:03] [#] And now Bxf4 would win.} ({Predecessor:} 15.
O-O O-O 16. Nf3 Rb8 17. Bxf4 Bb5 18. Qxa7 Bxf1 19. Bxe5 Bxe5 20. Nxe5 Bb5 21.
a4 Qe8 22. Qc5 Bxa4 23. b4 Rb5 24. Qd4 Rxe5 {0-1 (24) Matveeva,O (2171)
-Liyanage,R (2340) Chess.com INT 2022}) 15... Rb8 {[%emt 0:11:21] aiming for ..
.0-0.} 16. Bxf4 exf4 17. O-O O-O $1 {[%emt 0:02:55] Hoping for ... Bb5.} 18. Rad1 f3 19. Bxf3 Bb5 20. Rxd8 {
[%emt 0:04:04] White is much more active.} (20. Qxa7 {is more complex.} Qe7 21.
Qd4 Rfd8 22. Bd5) 20... Bxa6 {[%emt 0:00:03] This bishop pair is nice.} 21.
Rxb8 Rxb8 {[%emt 0:00:27] The position is equal.} 22. Rc1 Bxc4 23. Rxc4 Rxb2 $11 {
[%emt 0:00:05] [#] Endgame ( -> ...Rb1+). KRB-KRB} 24. g3 Bd8 25. Re4 Kf8 {[%emt 0:00:26]
Prevents Re8+.} 26. Re2 Rxe2 27. Bxe2 Bb6 28. Bc4 Ke7 29. Kf1 h5 30. h4 g6 31. Ke2 {[%emt 0:00:05] Weighted Error Value: White=0.06 
(flawless) /Black=0.07 (flawless)} 1/2-1/2

[Event "44th Chess Olympiad Open 2022"]
[Site "Chennai"]
[Date "2022.07.30"]
[Round "2.5"]
[White "Avila Pavas, Santiago"]
[Black "Piorun, Kacper"]
[Result "0-1"]
[WhiteElo "2453"]
[BlackElo "2636"]
[Annotator "TA"]
[PlyCount "78"]
[EventDate "2022.??.??"]
[TimeControl "60"]

1. e4 c6 2. d4 d5 3. e5 Bf5 4. Nf3 e6 5. Be2 Ne7 6. O-O Ng6 {
[%emt 0:13:20] 6...h6 gains popularity. B12: Caro-Kann: Advance Variation.} 7.
a4 Nd7 8. Ne1 {[%emt 0:11:13] g4 is the
strong threat.} h5 {[%emt 0:00:00] White is slightly better.} 9. a5 {[%emt 0:
00:00] [#]} f6 $146 {[%emt 0:00:00] [#]} ({Better is} 9... a6 $14) ({
Predecessor:} 9... c5 10. c3 cxd4 11. cxd4 Bxb1 12. Rxb1 Qxa5 13. Be3 h4 14. h3
Be7 15. Bd3 Rc8 16. Bxg6 fxg6 {1-0 (33) Malmstroem,J (1993)-Sherwood,R (1801)
IECG email 2006}) 10. f4 $1 $16 h4 11. Be3 c5 12. c3 Qc7 13. a6 Rb8 14. axb7 Rxb7 15. Nd2 (15. Ra2 $14) 15... Rxb2 $11 16. Nd3 Rb7 17. exf6 (17. Re1 $11)
17... gxf6 $15 18. dxc5 Nxc5 19. Nf3 $1 Ne4 20.
Nd4 $1 Nxc3 21. Qe1 Kf7 22. Nxf5 exf5 ({But not} 
22... Nxe2+ 23. Qxe2 exf5 24. Rfc1 $11) 23. Bf3 {[%emt 0:00:05] [#] And now
Rc1 would win.} Ne4 24. Rc1 (24. Qa5 $11 Qc4
25. Be2) 24... Qd7 $17 {[%emt 0:01:43] White is on the road to losing.} 25. Qa5 Be7 26. Rfd1 Qe6 27. Nf2 Rd8 28. Qa4 {[%emt 0:00:45]
Against Rb3} Rd6 {[%emt 0:04:57] Prevents Rc6.} 29. Qd4 (29.
Bh5 $17) 29... Kg7 $19 30. Nd3 Rdd7 31. Nf2 $2 (31. Bf2) 31... Bd8 32. Qa4 Rd6 {[%emt 0:01:16][%cal Yd7d6,Yd6b6,Yb6b1]
Prevents Rc6.} 33. Re1 (33. Qa2 $142) 33... Bb6 34. Bxb6 Rdxb6 ({Weaker is} 34... axb6
35. Nd3) 35. Nd3 Qd6 36. Rc8 $2 (36. Qd4) 36... Rb1 {[%emt 0:01:23] ( -> ...Qb6+). Black is clearly
winning.} 37. Rcc1 Rxc1 38. Rxc1 Nxf4 39. Bxe4 fxe4 {[%emt 0:00:00]
Weighted Error Value: White=0.57/Black=0.13 (very precise)} (39... Ne2+ $142
40. Kf2 dxe4) 0-1

[Event "44th Chess Olympiad Open 2022"]
[Site "Chennai"]
[Date "2022.07.30"]
[Round "2.5"]
[White "Valderrama Quiceno, Esteban Alb"]
[Black "Bartel, Mateusz"]
[Result "1/2-1/2"]
[WhiteElo "2436"]
[BlackElo "2597"]
[Annotator "TA"]
[PlyCount "60"]
[EventDate "2022.??.??"]
[TimeControl "60"]

1. Nf3 Nf6 2. g3 b5 3. Bg2 Bb7 4. O-O e6 5. d3 d6 6. c4 {[%emt 0:07:26] A05: Réti Opening: 1 Nf3 Nf6.} bxc4 7. dxc4 Nbd7 {[%emt 0:03:35] [#]} 8. Qc2 $146
{[%emt 0:03:31] The position is equal.} ({Predecessor:} 8. Nc3 Be7 9. Nd4 Bxg2
10. Kxg2 Nb6 11. Nc6 Qd7 12. Nxe7 Qxe7 13. b3 O-O 14. e4 {1-0 (42) Feng,M 
(1833)-Vazquez Maccarini,D (1914) Al Ain 2013}) 8... Be7 9.
Nc3 O-O 10. Rd1 Qb8 11. b3 a5 12. e4 Rd8 13. Nd4 c5 14. Ndb5 Ne5 15. Be3 Nc6 16. h3 e5 17. Rab1 Nd4 18. Qd3 h6 19. a4 Rf8 20. Kh2 Qd8 21.
Rf1 Nd7 22. Bd2 Nb8 23. f4 Nbc6 24. Nd5 exf4 25. gxf4 Bh4 26. Bc3 {[%emt 0:00:48] White is more active.} Nxb5 (26... Rb8 $14) 27. cxb5 $16 Nd4 28. Bxd4 ({White should try} 28. Ne3 $18) 28... cxd4 29. Qxd4 Bxd5 30. Qxd5 ({Resist} 30. exd5 $6 Re8 $16) 30... Rc8 {[%emt 0:00:10]
Weighted Error Value: White=0.07 (flawless) /Black=0.13 (very precise)} 1/2-1/2